[Event "*** Qualifier 4: Titled Tuesday 3|2 Blitz"]
[Site "Chess.com"]
[Date "2017.04.25"]
[Round "7"]
[White "pastouche06"]
[Black "rasmussvane"]
[Result "1/2-1/2"]
[WhiteElo "2337"]
[BlackElo "2527"]
[TimeControl "180+2"]
[EndTime "14:32:24 PDT"]
[Termination "Game drawn - insufficient material"]

1. c4 e6 2. Nc3 d5 3. d4 Bb4 4. e3 Nf6 5. a3 Bxc3+ 6. bxc3 c6 7. a4 O-O 8. Ba3 Re8 9. Nf3 b6 10. cxd5 cxd5 11. Bb5 Bd7 12. Ne5 Bxb5 13. axb5 Qc7 14.
Qb3 Ne4 15. Bb4 Nd7 16. Nc6 a6 17. f3 Nef6 18. Ne7+ Kh8 19. Rxa6 Rxa6 20. bxa6 Ra8 21. Qa4 Qa7 22. Nc6 Qxa6 23. Qxa6 Rxa6 24. O-O Ra2 25.
Rf2 Ra8 26. Rb2 h6 27. Kf2 Kg8 28. Bd6 Ra4 29. Nb4 g5 30. Ra2 Rxa2+ 31. Nxa2 Ne8 32.
Ba3 f5 33. Ke2 Kf7 34. Kd3 e5 35. c4 exd4 36. Kxd4 dxc4 37. Kxc4 Ke6 38. Kb5 Nc7+ 39. Kc6 Nd5 40. e4 fxe4 41. fxe4 Ne3 42. g3 Ne5+ 43.
Kb5 Nf3 44. h4 gxh4 45. gxh4 h5 46. Bc1 Nd1 47. Kxb6 Nxh4 48. Nb4 Nf3 49. Nd3 h4 50. Kc5 h3 51. Nf4+ Ke5 52. Nxh3 Kxe4 53. Ng5+ Nxg5 54. Bxg5 Ne3 55. Bxe3 1/2-1/2

[Event "*** Qualifier 4: Titled Tuesday 3|2 Blitz"]
[Site "Chess.com"]
[Date "2017.04.25"]
[Round "7"]
[White "djano"]
[Black "NMJeevanK"]
[Result "0-1"]
[WhiteElo "2419"]
[BlackElo "2410"]
[TimeControl "180+2"]
[EndTime "14:32:27 PDT"]
[Termination "NMJeevanK won by resignation"]

1. d4 Nf6 2. Bf4 e6 3. e3 d5 4. Nd2 c5 5. c3 Nc6 6. Ngf3 Bd6 7. Bg3 O-O 8. Bd3 Re8 9. Ne5 Bxe5 10. dxe5 Nd7 11.
Nf3 f5 12. exf6 Qxf6 13. O-O e5 14. e4 d4 15. cxd4 cxd4 16. Rc1 Nf8 17. Qb3+ Kh8 18. Rc2 a5 19. Rfc1 Bg4 20. Qxb7 Nb4 21. Nxe5 Nxc2 22. Rxc2 Be6 23. Qb6 a4 24. Qxd4 Red8 25. Qe3 Bxa2 26. Rc6 Ne6 27. h3 Rac8 28. Qb6 Rxc6 29. Nxc6 Rxd3 30.
Be5 Qf8 31. Qa6 Rd1+ 32. Kh2 Qxf2 33. Qa8+ Qf8 34. Qxa4 Rc1 35. Nb4 Bc4 36. b3 Bf1 37. Nd5 h6 38. Qa2 Bd3 39. Qd2 Bxe4 40. Qxc1 Bxd5 41.
Qxh6+ Kg8 42. Qd2 Qa8 43. b4 Qb7 44. Bc3 Qb5 45. Be5 Kf7 46. Qf2+ Kg6 47. Qg3+ Kf7 48. Qf2+ Ke7 49. Qa7+ Bb7 50. Bc3 Qc6 51. Qf2 Qxc3 52.
Qh4+ Qf6 53. Qh8 Qe5+ 54. Kg1 Qe3+ 55. Kf1 Ba6+ 0-1

[Event "*** Qualifier 4: Titled Tuesday 3|2 Blitz"]
[Site "Chess.com"]
[Date "2017.04.25"]
[Round "7"]
[White "LonesomeGeorge1"]
[Black "Shivagami"]
[Result "0-1"]
[WhiteElo "2208"]
[BlackElo "1966"]
[TimeControl "180+2"]
[EndTime "14:32:33 PDT"]
[Termination "Shivagami won by resignation"]

1. d4 Nc6 2. d5 Ne5 3. e4 e6 4.
Nc3 Nf6 5. Nf3 Ng6 6. dxe6 fxe6 7.
e5 Ng4 8. Qd4 h5 9. Bd3 Ne7 10.
Bg5 Kf7 11. Qf4+ Kg8 12. Ne4 Ng6 13. Nf6+ gxf6 14. Bxg6 Kg7 15. exf6+ Kxg6 16. f7 Be7 17. Nh4+ Kg7 18. Qe4 Bxg5 19. Qg6+ Kf8 20. Nf3 Bf6 21. h3 Ne5 22. Nxe5 Bxe5 23. O-O-O Qf6 24. Qe4 d5 25. Qb4+ Bd6 26. Qb3 Kxf7 27. Kb1 b6 28. f4 Bb7 29. Rhf1 c5 30. g4 hxg4 31. hxg4 c4 32. Qa4 Qe7 33.
f5 e5 34. f6 Qc7 35. g5 Rhg8 36. Rg1 Bc6 37. Qa6 Qb7 38. Qxb7+ Bxb7 39. c3 Rg6 40. Rd2 Rag8 41. Rdg2 d4 42. Rg4 Bf3 43. Rh4 Rxg5 44.
Rh7+ Kxf6 45. Rh6+ R8g6 46. Rxg6+ Rxg6 47. Rf1 e4 48.
cxd4 Ke6 49. Kc2 Kd5 50. Kc3 Rg3 51. Rg1 Rxg1 0-1

[Event "*** Qualifier 4: Titled Tuesday 3|2 Blitz"]
[Site "Chess.com"]
[Date "2017.04.25"]
[Round "7"]
[White "LyonBeast"]
[Black "Cayse"]
[Result "1-0"]
[WhiteElo "2812"]
[BlackElo "2655"]
[TimeControl "180+2"]
[EndTime "14:32:39 PDT"]
[Termination "LyonBeast won by resignation"]

1. e4 e5 2. Nf3 Nc6 3. Bb5 a6 4.
Ba4 Nf6 5. O-O Be7 6. Re1 b5 7. Bb3 d6 8. c3 O-O 9. h3 Bb7 10.
d4 Nd7 11. a4 Na5 12. Bc2 c5 13. d5 Qc7 14. b3 c4 15. b4 Nb3 16. Bxb3 cxb3 17.
Qxb3 f5 18. Bg5 bxa4 19. Rxa4 Nb6 20. Ra5 fxe4 21. Bxe7 exf3 22. Bxf8 Rxf8 23. Nd2 fxg2 24. c4 Qc8 25. Kxg2 Rf4 26. Qd3 Rd4 27. Qe2 Nxc4 28.
Nxc4 Rxc4 29. Kh2 Rxb4 30. Rg1 Rf4 31. Rg2 Qf8 32. Qb2 Qf7 33. Qb6 Qe7 34. Qa7 Kf7 35. Qb8 h6 36. Qh8 Qf6 37. Qb8 Qe7 38. Ra3 Bxd5 39. Rxa6 Bxg2 40. Ra7 Bd5 41. Rxe7+ Kxe7 42. Qc7+ Kf6 43. Qd8+ Kf7 44. Qxd6 Rxf2+ 45. Kg1 Rg2+ 46.
Kf1 Rd2 47. Qxe5 Kg8 48. h4 Bc4+ 49. Kg1 Rd1+ 50. Kf2 Rd7 51. Qe8+ Kh7 52. Qxd7 Bg8 53. h5 1-0

[Event "*** Qualifier 4: Titled Tuesday 3|2 Blitz"]
[Site "Chess.com"]
[Date "2017.04.25"]
[Round "7"]
[White "scrapnel"]
[Black "ChristopherYoo"]
[Result "1-0"]
[WhiteElo "2473"]
[BlackElo "2286"]
[TimeControl "180+2"]
[EndTime "14:32:40 PDT"]
[Termination "scrapnel won by resignation"]

1. d4 Nf6 2. Nf3 g6 3. Bg5 Bg7 4. Nbd2 O-O 5. c3 d5 6. e3 b6 7. Be2 Nbd7 8. O-O c5 9. b4 cxb4 10. cxb4 Bb7 11. b5 a6 12. a4 axb5 13. axb5 Ne4 14.
Nxe4 dxe4 15. Nd2 Nf6 16. Nc4 Nd5 17. Qb3 Qd7 18. Bh4 e6 19. Bg3 Bf6 20. Nd6 Ne7 21. Qc2 Nf5 22. Nxe4 Bg7 23. Bf4 Rxa1 24. Rxa1 Rc8 25.
Qd3 Qd5 26. Bf3 Qd7 27. g3 Bd5 28. Nd2 Bxf3 29. Nxf3 f6 30. e4 Ne7 31. Qb3 Kh8 32.
h4 h5 33. Re1 f5 34. Be5 fxe4 35.
Rxe4 Nd5 36. Bxg7+ Kxg7 37. Ng5 Re8 38. Re5 Nc7 39.
Qc4 Qd6 40. Ne4 Qd7 41. Qc6 Qe7 42. Nd6 Rd8 43. Ne4 Rxd4 44. Qxb6 Rd1+ 45. Kg2 Qd7 46. Ng5 Rd6 47. Qc5 Kf6 48. Ne4+ Ke7 49. Nxd6 Qxd6 50. b6 Nd5 51. Qxd6+ Kxd6 52. b7 Kc7 53. Rxe6 Kxb7 54. Rxg6 Kc7 55. Rg5 Kd6 56. Rxh5 Ke6 57. Rxd5 Kxd5 58. h5 1-0

[Event "*** Qualifier 4: Titled Tuesday 3|2 Blitz"]
[Site "Chess.com"]
[Date "2017.04.25"]
[Round "7"]
[White "Ilja_Semjonovs"]
[Black "silverback96"]
[Result "1-0"]
[WhiteElo "2258"]
[BlackElo "2064"]
[TimeControl "180+2"]
[EndTime "14:32:41 PDT"]
[Termination "Ilja_Semjonovs won by resignation"]

1. d4 Nf6 2. Nf3 c5 3. c3 g6 4. Bg5 Bg7 5. Bxf6 Bxf6 6. e3 O-O 7. Bd3 b6 8. Nbd2 Bb7 9. Qe2 Bg7 10. O-O-O a5 11. h4 a4 12. a3 Nc6 13. h5 cxd4 14.
exd4 Qc7 15. Kb1 Na5 16. hxg6 hxg6 17. Qe3 Bd5 18. Ng5 Qc6 19. Qh3 Rfc8 20. Qh7+ Kf8 21. Rh4 f5 22. Rh6 Bg8 23. Qxg6 Qd5 24. Nh7+ Bxh7 25.
Rxh7 Qf7 26. Qxf5 Qxf5 27. Bxf5 e6 28. Bd3 Kf7 29. Rh3 Rg8 30. Rf3+ Ke7 31. g3 Rh8 32.
Ne4 Rh2 33. Re1 Nb3 34. Kc2 Rc8 35. Kd1 Bh6 36. Bc2 Na5 37. Bxa4 Nc4 38. Re2 d5 39. Nf6 Kd6 40. Ng4 Rh1+ 41. Kc2 Rc1+ 42. Kd3 Rd1+ 43.
Bxd1 Bg5 44. Bb3 b5 45. Bxc4 bxc4+ 46. Kc2 Rh8 47. Ne5 Rh1 48. Nf7+ Ke7 49. Nxg5 Kd6 50. Rxe6+ Kc7 51. Rf7+ Kd8 52. Rg6 Rh8 53. Rd6+ Kc8 54. Rxd5 Re8 55. Rdf5 Kb8 56. Rf8 Ka8 57. Rxe8+ Ka7 58.
Rf6 Kb7 59. Re7+ 1-0

[Event "*** Qualifier 4: Titled Tuesday 3|2 Blitz"]
[Site "Chess.com"]
[Date "2017.04.25"]
[Round "7"]
[White "GMHess"]
[Black "underdogchss"]
[Result "1-0"]
[WhiteElo "2574"]
[BlackElo "2401"]
[TimeControl "180+2"]
[EndTime "14:32:42 PDT"]
[Termination "GMHess won by resignation"]

1. c4 Nf6 2. Nc3 c5 3. Nf3 b6 4.
e3 e6 5. d4 cxd4 6. exd4 Bb4 7. Bg5 h6 8. Bh4 O-O 9. Rc1 d5 10. a3 Be7 11. Bxf6 Bxf6 12. cxd5 exd5 13. Be2 Nc6 14.
O-O Bb7 15. Qd3 Rc8 16. Rc2 Re8 17. Rfc1 Na5 18. Qf5 g6 19. Qf4 Kg7 20. h4 Nb3 21. Rd1 Qc7 22. Qg4 h5 23. Qh3 Re6 24. Bd3 Qe7 25.
Nxd5 Qd8 26. Nxf6 Rxf6 27. d5 Rxc2 28. Bxc2 Bc8 29. Qg3 Nc5 30. Ne5 Qd6 31. Qc3 Ba6 32. b4 Nb7 33. Ba4 Be2 34. Rd2 b5 35. Rxe2 bxa4 36. Rd2 Kh7 37. Nf3 Qf4 38. Rd4 Qd6 39. Ng5+ Kg8 40. Ne4 Qe5 41. Nxf6+ Qxf6 42. g3 Nd6 43. Qd2 Nf5 44. Rd3 Qa1+ 45. Kg2 Kh7 46. d6 Qf6 47. d7 Qc6+ 48. Kg1 Nxh4 49. gxh4 Qe6 50. d8=Q 1-0

[Event "*** Qualifier 4: Titled Tuesday 3|2 Blitz"]
[Site "Chess.com"]
[Date "2017.04.25"]
[Round "7"]
[White "VMikhalevski"]
[Black "Gordima"]
[Result "1-0"]
[WhiteElo "2558"]
[BlackElo "2502"]
[TimeControl "180+2"]
[EndTime "14:32:54 PDT"]
[Termination "VMikhalevski won by resignation"]

1. Nf3 g6 2. g3 Bg7 3. d4 d6 4.
Bg2 e5 5. dxe5 dxe5 6. Qxd8+ Kxd8 7. Nc3 c6 8. Ng5 Nh6 9. f4 Nd7 10. O-O Ke7 11. e4 exf4 12. gxf4 Bd4+ 13. Kh1 Ng4 14.
Bf3 Ne3 15. Rf2 h6 16. Nh3 Nf6 17. Ng1 Nc4 18. Re2 Ng4 19. Nd1 h5 20. c3 Bb6 21. b3 Nd6 22. Ba3 c5 23. c4 Bd7 24.
Nc3 Bc6 25. h3 Rac8 26. Kg2 Nh6 27. Rd1 Rhd8 28. Red2 f6 29. Nge2 Nhf7 30. Rd3 Kf8 31.
Bb2 Rd7 32. Nd5 Bxd5 33. cxd5 c4 34. Rc3 Ba5 35. Rcc1 b5 36. Bxf6 Bd8 37. Ba1 Rdc7 38.
b4 a5 39. a3 axb4 40. axb4 Ra7 41. Rc2 Bb6 42. Bd4 Bxd4 43. Nxd4 Ra3 44. e5 Nf5 45.
Nxf5 gxf5 46. d6 Rd8 47. Bxh5 Rb3 48. Rcd2 Rxb4 49. e6 Nxd6 50. Rxd6 Rxd6 51. Rxd6 Ke7 52. Rc6 Rb3 53. Bg6 Kf6 54. e7+ Kxe7 55. Bxf5 c3 56. h4 b4 57. h5 Rb2+ 58. Kg3 Re2 59. h6 Re3+ 60. Kf2 1-0

[Event "*** Qualifier 4: Titled Tuesday 3|2 Blitz"]
[Site "Chess.com"]
[Date "2017.04.25"]
[Round "7"]
[White "prochn"]
[Black "Robin-Side"]
[Result "1-0"]
[WhiteElo "2185"]
[BlackElo "2285"]
[TimeControl "180+2"]
[EndTime "14:32:58 PDT"]
[Termination "prochn won by resignation"]

1. d4 Nf6 2. c4 g6 3. g3 Bg7 4.
Bg2 d5 5. cxd5 Nxd5 6. Nc3 Nb6 7. Nf3 O-O 8. O-O Nc6 9. e3 Re8 10. b3 e5 11. dxe5 Nxe5 12. Nd4 c6 13. Bb2 Qe7 14.
h3 Be6 15. Qc2 Rad8 16. Nce2 Bc8 17. Rfd1 Nd5 18. Rac1 Nc7 19. a3 Ne6 20. b4 Nxd4 21. Bxd4 a6 22. Bb6 Rxd1+ 23. Rxd1 Bf5 24. e4 Be6 25.
Nf4 Nc4 26. Bc5 Qf6 27. Nxe6 Qxe6 28. a4 Bf8 29. Kh2 Bxc5 30. bxc5 Ne5 31. f4 Nd7 32.
h4 Nf6 33. Qb2 Ng4+ 34. Kg1 h5 35. Qxb7 Qc4 36. Qxc6 Rb8 37. Qd5 Qc2 38. Qd2 Qxc5+ 39. Kh1 Nf2+ 40. Kh2 Nxd1 41. Qxd1 Qe3 42. e5 Rb3 43.
Qd8+ Kh7 44. Qg5 Rb2 45. f5 Qxg5 46. hxg5 gxf5 47. Kh3 Kg6 48. Bd5 Rb4 49. Bc6 Rc4 50. Be8 Rc5 51. e6 Kg7 52. Bxf7 Re5 53. g6 Re4 54. Kg2 Rxa4 55. e7 Re4 56. e8=Q Rxe8 57. Bxe8 a5 58. Kh3 Kf6 59. Kh4 Kg7 60. Kxh5 1-0

[Event "*** Qualifier 4: Titled Tuesday 3|2 Blitz"]
[Site "Chess.com"]
[Date "2017.04.25"]
[Round "7"]
[White "poummba"]
[Black "Malev212"]
[Result "1/2-1/2"]
[WhiteElo "2361"]
[BlackElo "2455"]
[TimeControl "180+2"]
[EndTime "14:33:14 PDT"]
[Termination "Game drawn by repetition"]

1. e4 g6 2. d4 Bg7 3. Nf3 d6 4.
Bc4 e6 5. O-O Ne7 6. Qe2 d5 7.
exd5 exd5 8. Bd3 O-O 9. Bg5 Nbc6 10. Re1 Re8 11. c3 h6 12. Bh4 g5 13. Bg3 Bg4 14. Nbd2 Qd7 15. Qf1 Nf5 16. h4 f6 17. hxg5 hxg5 18. Nh2 Nxg3 19. fxg3 Be6 20. Nb3 b6 21. Bb5 Qd6 22. Nd2 Bd7 23. Qf2 a6 24. Bd3 Ne7 25.
Re2 c5 26. Rae1 cxd4 27. Qxd4 f5 28. Qf2 g4 29. Nhf1 b5 30. Nb3 Qf6 31. Nc5 Bc8 32.
Ne3 Ra7 33. Nxd5 Qd6 34. Nxe7+ Raxe7 35. Rxe7 Rxe7 36. Rxe7 Qxe7 37. Bxf5 Bxf5 38. Qxf5 b4 39. Qd5+ Kh8 40. cxb4 Qe3+ 41. Kh2 Qh6+ 42. Kg1 Qe3+ 43. Kf1 Bd4 44. Qh5+ Kg7 45. Qxg4+ Kh8 46. Qh4+ Kg8 47. Qg4+ Kh8 48. Qh5+ Kg8 49. Qf3 Qc1+ 50. Ke2 Qc2+ 51. Ke1 Qxb2 52. Nd3 Qc3+ 53. Kd1 Qa1+ 54. Ke2 Qxa2+ 55.
Kd1 Qb1+ 56. Ke2 Qc2+ 57. Kf1 Qb1+ 58. Ne1 Qxb4 59. Qd5+ Kg7 60. Qg5+ Kh7 61. Qf5+ Kg7 62. Qg5+ Kh7 63. Qf5+ Kg7 64. Qg5+ Kh7 65. Qf5+ 1/2-1/2

[Event "*** Qualifier 4: Titled Tuesday 3|2 Blitz"]
[Site "Chess.com"]
[Date "2017.04.25"]
[Round "7"]
[White "GamayevOleg"]
[Black "Rating-Schmating"]
[Result "0-1"]
[WhiteElo "2325"]
[BlackElo "2222"]
[TimeControl "180+2"]
[EndTime "14:33:15 PDT"]
[Termination "Rating-Schmating won by checkmate"]

1. c4 Nf6 2. g3 e6 3. Bg2 c5 4.
Nf3 b6 5. Ne5 d5 6. Qa4+ Nbd7 7.
cxd5 exd5 8. Nc3 Bb7 9. Nxd7 Qxd7 10. Qxd7+ Kxd7 11. d3 Rd8 12. Bg5 Ke6 13. O-O h6 14. Bd2 Bd6 15. e4 dxe4 16. dxe4 Be5 17. Be1 Rhe8 18. f3 Ba6 19. Rf2 Bd4 20. Rc1 Bxf2+ 21. Kxf2 Nd7 22. f4 Nf6 23. e5 Ng4+ 24. Kg1 Ne3 25.
Bc6 Re7 26. Bf2 Ng4 27. Be1 Bb7 28. Bb5 Ne3 29. Bf2 Nd5 30. Bc4 Red7 31. Ne4 Ke7 32. Nd6 Bc6 33. a3 f6 34. Re1 fxe5 35. fxe5 Rf8 36.
Bf1 Nc7 37. Bh3 Rdd8 38. Be3 Bd7 39. Bg2 Ne8 40. Ne4 Bc6 41. h4 Bxe4 42. Bxe4 Ke6 43. Bf4 Nc7 44. Bg2 Nd5 45. Bh3+ Ke7 46. Bd2 Rde8 47. Bc1 Kd8 48. e6 Kc7 49. Re5 Nf6 50. Bf4 Kd8 51. Re2 Re7 52. Rd2+ Kc8 53. Bd6 Rd8 54.
Bf4 Rxd2 55. Bxd2 Ne4 56. Bf4 Kd8 57. Be5 Nf6 58. Bd6 Re8 59. e7+ Rxe7 60. Bxe7+ Kxe7 61. Kf2 Kd6 62. Ke3 Ke5 63. Bg2 a5 64. a4 Nd5+ 65.
Bxd5 Kxd5 66. Kf4 Kc4 67. Kf5 b5 68. axb5 Kxb5 69. Kg6 c4 70. Kxg7 c3 71. bxc3 a4 72. c4+ Kxc4 73. Kxh6 a3 74. h5 a2 75. Kh7 a1=Q 76. h6 Kd5 77. Kg8 Ke6 78. h7 Qa8+ 79.
Kg7 Qb7+ 80. Kg6 Qc8 81. Kg7 Qd7+ 82. Kg8 Qf7+ 83. Kh8 Qf8# 0-1

[Event "*** Qualifier 4: Titled Tuesday 3|2 Blitz"]
[Site "Chess.com"]
[Date "2017.04.25"]
[Round "7"]
[White "ehrenfeld"]
[Black "Ar4uha"]
[Result "1-0"]
[WhiteElo "2380"]
[BlackElo "2439"]
[TimeControl "180+2"]
[EndTime "14:33:17 PDT"]
[Termination "ehrenfeld won by resignation"]

1. e4 d5 2. exd5 Nf6 3. Bb5+ Bd7 4.
Bxd7+ Qxd7 5. Nf3 Nxd5 6. O-O e6 7. d4 Be7 8. Qe2 O-O 9. Rd1 c6 10. Ne5 Qc7 11. Nd2 Nd7 12. Ndf3 Nxe5 13. Nxe5 Rad8 14. c4 Nb6 15. Bf4 Qc8 16. Rac1 Nd7 17. Nf3 Nf6 18. h3 b6 19. Qc2 Qa6 20. Bg5 h6 21. Bf4 Bd6 22. Be3 c5 23. dxc5 Bxc5 24. Bxc5 bxc5 25. b3 Qc6 26. Ne5 Qc7 27. Qe2 Rd4 28. Nf3 Rxd1+ 29. Rxd1 Rd8 30. Rxd8+ Qxd8 31. Ne5 Qd4 32. Nc6 Qa1+ 33.
Kh2 a6 34. Ne5 Qd4 35. Nf3 Qf4+ 36. g3 Qf5 37. Kg2 g5 38. Qe5 Qxe5 39. Nxe5 Kf8 40. Kf3 Ke7 41. Ke3 Ne8 42. Nd3 Kd6 43. f4 f6 44. Kf3 Ng7 45. g4 Ne8 46. Ke4 Ng7 47. Ne1 f5+ 48. Kf3 gxf4 49. Kxf4 e5+ 50. Ke3 f4+ 51. Ke4 Ne8 52. Nd3 Nf6+ 53. Kf5 Nd7 54. Nf2 Ke7 55. Ne4 Kf7 56. h4 a5 57. g5 hxg5 58.
hxg5 f3 59. Kg4 Kg6 60. Kxf3 Kf5 61. Ke3 Kg6 62. Kf2 Kf5 63. Kf3 Nf8 64. Nxc5 Ng6 65. Ne4 Nh4+ 66. Kg3 Ng6 67. Kf3 Nh4+ 68. Kg3 Ng6 69.
Nd6+ Kxg5 70. c5 Ne7 71. Kf3 Kf6 72. Ke4 Ke6 73. a3 Nc6 74. Nc4 Nd4 75. Nxa5 Kf6 76. b4 Nc2 77. Nc4 Ke6 78. c6 Ke7 79. b5 Kd8 80. b6 Kc8 81. b7+ Kc7 82. Nxe5 Nxa3 83. Nd7 1-0

[Event "*** Qualifier 4: Titled Tuesday 3|2 Blitz"]
[Site "Chess.com"]
[Date "2017.04.25"]
[Round "7"]
[White "abubakrtagelsir"]
[Black "gumersindo"]
[Result "1/2-1/2"]
[WhiteElo "2149"]
[BlackElo "2280"]
[TimeControl "180+2"]
[EndTime "14:33:26 PDT"]
[Termination "Game drawn by repetition"]

1. e4 e5 2. Nf3 Nc6 3. d4 exd4 4.
Bc4 Bc5 5. c3 Nf6 6. cxd4 Bb4+ 7. Bd2 Bxd2+ 8. Nbxd2 d5 9. exd5 Nxd5 10. Qb3 Na5 11. Qa4+ Nc6 12. Qb3 Na5 13. Qa4+ Nc6 14.
Qb3 Nce7 15. O-O O-O 16. Rfe1 c6 17. Ne4 Rb8 18. Ne5 Bf5 19. Ng3 Be6 20. a4 b5 21.
axb5 cxb5 22. Bf1 a5 23. Qa3 a4 24. Qc5 Qb6 25. Ne4 Rfc8 26. Qxb6 Rxb6 27. Nc5 Nf5 28.
Nxe6 fxe6 29. Rac1 Rd8 30. Red1 h6 31. g4 Nd6 32.
Rc5 b4 33. Bg2 Nf4 34. Bc6 a3 35. bxa3 bxa3 36. Ra5 Rc8 37. d5 exd5 38. Bxd5+ Nxd5 39. Rdxd5 Nc4 40. Nxc4 Rxc4 41. h3 Rc3 42. Rd8+ Kh7 43. Kg2 Rbb3 44. Rda8 Rxh3 45. R8a7 Rhc3 46. Rf7 Rc8 47.
Rfa7 Rc4 48. Ra4 Rxa4 49. Rxa4 Kg6 50. f3 Kg5 51. Kg3 Kf6 52. Ra5 Ke6 53. Ra7 g6 54. Ra6+ Kf7 55. Ra7+ Kf6 56. Ra6+ Kg7 57. Ra7+ Kf6 58.
Ra6+ Kf7 59. Ra7+ Ke6 60. Ra6+ Kf7 61. Ra7+ Kf6 62. Ra6+ Kf7 63. Ra7+ Kf6 64. Ra6+ Kf7 1/2-1/2

[Event "*** Qualifier 4: Titled Tuesday 3|2 Blitz"]
[Site "Chess.com"]
[Date "2017.04.25"]
[Round "7"]
[White "tigra"]
[Black "1stSecond"]
[Result "1-0"]
[WhiteElo "2606"]
[BlackElo "2504"]
[TimeControl "180+2"]
[EndTime "14:33:32 PDT"]
[Termination "tigra won by checkmate"]

1. e4 c5 2. Nf3 e6 3. c3 Nf6 4. e5 Nd5 5. d4 cxd4 6. cxd4 b6 7.
Bc4 Ba6 8. Bxd5 exd5 9. a3 d6 10. Nc3 Be7 11. Qa4+ Qd7 12. Qxd7+ Kxd7 13. Nxd5 Nc6 14. Bf4 Rhe8 15. Rc1 Rac8 16. Kd2 Bf8 17. b4 Nxd4 18. Nxd4 dxe5 19. Rxc8 Bxc8 20. Nb5 exf4 21.
Rc1 Re5 22. Nbc3 Bb7 23. Nxf4 a5 24. Rb1 axb4 25. axb4 Bd6 26. g3 g5 27. Nfe2 Rf5 28. Ke1 Be5 29. Rd1+ Ke8 30. Rd3 Rf6 31. Nd5 Re6 32.
Kd2 Ba6 33. Re3 Bc4 34. Nxb6 Bxe2 35. Kxe2 Ke7 36. Nc4 Bd4 37. Rxe6+ Kxe6 38. f3 Kd5 39. Kd3 Bg1 40. h3 f5 41. Ne3+ Ke5 42. b5 f4 43.
Nc4+ Kd5 44. g4 h6 45. b6 Kc6 46. Ke4 Bxb6 47. Ne5+ Kd6 48. Nf7+ Ke6 49. Nxh6 Bf2 50. Nf5 Be1 51. Nd4+ Kf6 52. Kd5 Bc3 53. Nb5 Be5 54. Nd6 Bb2 55. Ne4+ Kg6 56. Ke6 Ba3 57. Nd6 Bb2 58. Nf5 Bc3 59. Ne7+ Kh6 60. Kf5 Bb4 61. Nc6 Bc3 62. Nd8 Kg7 63. Ne6+ Kh6 64. Nxg5 Bb4 65.
Ne6 Bd6 66. g5+ Kh7 67. g6+ Kh6 68. g7 Kh7 69. Kf6 Kg8 70. Kg6 Bb4 71. h4 Bc3 72. h5 Bb2 73. h6 Bxg7 74. h7+ Kh8 75. Nd8 Bh6 76. Nf7# 1-0

[Event "*** Qualifier 4: Titled Tuesday 3|2 Blitz"]
[Site "Chess.com"]
[Date "2017.04.25"]
[Round "7"]
[White "matiss90"]
[Black "wnstop"]
[Result "1/2-1/2"]
[WhiteElo "2302"]
[BlackElo "2456"]
[TimeControl "180+2"]
[EndTime "14:33:33 PDT"]
[Termination "Game drawn by repetition"]

1. e4 c5 2. Nf3 Nc6 3. d4 cxd4 4.
Nxd4 e5 5. Ne2 Nf6 6. Nbc3 Bc5 7.
Ng3 O-O 8. Be2 Nd4 9. O-O d5 10. exd5 Nxd5 11. Nxd5 Qxd5 12. Bd3 Rd8 13. Be4 Qe6 14.
c3 Nc6 15. Qc2 g6 16. Bg5 f6 17. Be3 Bf8 18. f4 f5 19. Bxc6 bxc6 20. fxe5 Qxe5 21.
Rae1 Ba6 22. Bd4 Qd5 23. Re5 Qc4 24. b3 Qd3 25. Qxd3 Bxd3 26. Rfe1 Bg7 27. Re7 Bf8 28. Rc7 Rdc8 29. Rd7 c5 30. Bf6 Bb5 31. Rdd1 Re8 32.
c4 Bc6 33. Kf2 Kf7 34. Bc3 Rxe1 35. Rxe1 Rd8 36. Re2 Rd1 37. Re1 Rd3 38. Re3 Rd7 39.
Ne2 h5 40. Be5 Rd1 41. h4 Bh6 42. Bf4 Bg7 43. Be5 Bf8 44. Nf4 Be4 45. Re2 Be7 46. g3 Rh1 47. Ke3 Rg1 48. Kf2 Rc1 49. Rd2 Ke8 50.
Bd6 Bf6 51. Bxc5 a5 52. Re2 Kd7 53. Nxg6 Kc6 54. Be3 Rh1 55. Nf4 Rh2+ 56. Kg1 Rh1+ 57. Kf2 Rh2+ 58. Kf1 Rh1+ 59. Kf2 Rh2+ 1/2-1/2

[Event "*** Qualifier 4: Titled Tuesday 3|2 Blitz"]
[Site "Chess.com"]
[Date "2017.04.25"]
[Round "7"]
[White "Aygehovit1992"]
[Black "Makalexa"]
[Result "1/2-1/2"]
[WhiteElo "2492"]
[BlackElo "2205"]
[TimeControl "180+2"]
[EndTime "14:33:39 PDT"]
[Termination "Game drawn by repetition"]

1. e4 e5 2. Nf3 Nc6 3. Bb5 a6 4.
Ba4 Nf6 5. O-O b5 6. Bb3 Bb7 7. d3 Be7 8. Nc3 O-O 9. Nd5 d6 10.
Nxe7+ Qxe7 11. c3 Na5 12. Bc2 d5 13. exd5 Nxd5 14. Re1 Qd6 15. Nxe5 Rae8 16. d4 Nc4 17. Nxc4 bxc4 18. Bd2 Nf4 19. Bxf4 Qxf4 20. h3 Qg5 21. f3 g6 22. Kf1 Qg3 23. Qd2 Bxf3 24. gxf3 Qxf3+ 25. Kg1 Qg3+ 26. Kh1 Qxh3+ 27. Qh2 Qg4 28.
Re5 Rxe5 29. dxe5 f6 30. Rf1 fxe5 31. Rxf8+ Kxf8 32. Qxe5 Qf3+ 33. Kg1 c6 34. Qh8+ Ke7 35. Qxh7+ Kd8 36. Qh8+ Kc7 37. Qe5+ Kb7 38. Qe7+ Kb6 39. Qb4+ Kc7 40. Qxc4 Qe3+ 41. Kg2 Qd2+ 42. Kf3 Qxc2 43. b4 Qf5+ 44. Ke3 Kd6 45. Qxa6 Qe5+ 46. Kd2 g5 47. Qd3+ Kc7 48. Qh7+ Kb6 49. a4 Qf4+ 50. Kc2 g4 51.
Kb3 Qf3 52. a5+ Ka6 53. Qg6 Qd5+ 54. Kb2 Qd2+ 55. Kb3 Qd5+ 56. Ka3 Qf3 57. Qg7 g3 58. Qd4 Kb7 59. Qb6+ Kc8 60. a6 Qxc3+ 61. Ka2 Qc2+ 62. Ka3 Qc3+ 63. Ka2 Qc2+ 64. Ka3 Qc3+ 65. Ka2 Qc2+ 66. Ka3 Qc3+ 67. Ka2 Qc2+ 68. Ka3 Qc3+ 1/2-1/2

[Event "*** Qualifier 4: Titled Tuesday 3|2 Blitz"]
[Site "Chess.com"]
[Date "2017.04.25"]
[Round "7"]
[White "saraswathii"]
[Black "GM_Huschenbeth"]
[Result "0-1"]
[WhiteElo "2235"]
[BlackElo "2356"]
[TimeControl "180+2"]
[EndTime "14:33:43 PDT"]
[Termination "GM_Huschenbeth won by resignation"]

1. e4 c5 2. Nf3 d6 3. d3 g6 4. g3 Bg7 5. Bg2 Nc6 6. O-O e6 7. c3 Nge7 8. Qe2 O-O 9. Nbd2 b5 10. a3 a5 11. h4 Ba6 12. Rd1 b4 13. axb4 axb4 14.
c4 Bb7 15. Rxa8 Qxa8 16. Nf1 Qa2 17. h5 gxh5 18. Ng5 h6 19. Nh3 h4 20. gxh4 Ng6 21. Qh5 Qb3 22. Ng3 Nxh4 23. Bf1 Ne5 24. Be2 Neg6 25.
Bxh6 Bxh6 26. Qxh6 Qxb2 27. Ng5 Qh8 28. Qxh8+ Kxh8 29. Ra1 Kg7 30. Ra7 Rb8 31. Nh5+ Kf8 32. Bd1 Ne5 33. Bc2 Nhf3+ 34. Nxf3 Nxf3+ 35. Kf1 Nd4 36. Bb1 Nc6 37. Ra2 Ke7 38. Ng3 Ra8 39. Rxa8 Bxa8 40. f4 Nd4 41. Ke1 e5 42. fxe5 dxe5 43. Kd2 Bc6 44. Nf1 Kf6 45. Ne3 Kg5 46. Nd5 f5 47. exf5 Bxd5 48. cxd5 Kxf5 49. Ba2 Kf6 50. Bc4 Ke7 51. Ke3 Kd6 52. Ke4 Ne2 53. Ke3 Nf4 54. Ke4 Nh5 55. Kf5 Ng3+ 56. Kg4 Ne2 57. Kf3 Nc3 58. Ke3 Nxd5+ 59. Kd2 Nb6 60. Bb3 Nd7 61. Ke3 Nf6 62. Kf3 e4+ 63. dxe4 Ke5 64. Bc2 c4 65.
Ke3 b3 66. Bb1 Nd7 67. Kd2 Kd4 68. Kc1 c3 69. e5 Nxe5 70. Bg6 Nd3+ 0-1

[Event "*** Qualifier 4: Titled Tuesday 3|2 Blitz"]
[Site "Chess.com"]
[Date "2017.04.25"]
[Round "7"]
[White "IIIlllII1llIl"]
[Black "MyleneFarmer"]
[Result "1/2-1/2"]
[WhiteElo "2545"]
[BlackElo "2346"]
[TimeControl "180+2"]
[EndTime "14:33:44 PDT"]
[Termination "Game drawn by agreement"]

1. e4 c5 2. c3 Nf6 3. e5 Nd5 4.
Nf3 Nc6 5. Bc4 Nb6 6. Bb3 c4 7. Bc2 d6 8. exd6 Qxd6 9. O-O Bg4 10. Re1 e6 11. Na3 Be7 12. Qe2 O-O 13. Nxc4 Nxc4 14. Qxc4 Bxf3 15. gxf3 Ne5 16. Qe4 Ng6 17. d4 b5 18. Qg4 f5 19. Qg3 Qd5 20. Bb3 Qd8 21. Rxe6 Kh8 22. Rxg6 hxg6 23. Qxg6 Qe8 24. Qxe8 Raxe8 25. f4 Bd6 26. Be3 g5 27. Kg2 gxf4 28. Bd2 Re2 29. Rd1 Re7 30. Bc2 Rh7 31. Rh1 Rg8+ 32. Kf1 Rh5 33. h3 Rg7 34. Bd1 Rh6 35. Be2 Rgh7 36.
Bf3 Rxh3 37. Rxh3 Rxh3 38. Ke2 Rh7 39. b3 Re7+ 40. Kd3 Kg7 41. c4 bxc4+ 42. bxc4 Rd7 43. Bc3 Kf8 44. Bd5 Ke7 45. Bc6 Rc7 46. d5 Bc5 47. Be5 Rc8 48. f3 Be3 49. Kc3 Rg8 50. d6+ Ke6 51.
Bd5+ Kxe5 52. Bxg8 Kxd6 53. Kb4 Kc6 54. Bd5+ Kb6 55.
Be6 a5+ 56. Kc3 Kc5 57. Bxf5 Bf2 58. Be6 Be3 59. Kd3 Bc1 60. Bd5 Be3 61. Ke4 Bc1 62. Kf5 Be3 63. Ke4 Bc1 64. Kd3 Be3 65.
Kc2 Bf2 66. Kb3 Be3 67. Kc3 Bf2 68. Kc2 Be3 69. Kb3 Bf2 70. Ka4 Be1 71. a3 Bd2 72. Kb3 Be1 73. Kc2 Bf2 74. Kd3 Be3 75. Kc3 Bc1 76.
Kb3 Bd2 77. Ka4 Be1 78. Kb3 Bf2 79. Ka4 Be1 80. Kb3 Bd2 81. Ka4 Bc3 82. Kb3 1/2-1/2